 Dungeon Crawl Stone Soup version 0.20-a0-537-g052e6ba (webtiles) character file.

130 wazuzu the Ogre Mage (level 5, -5/45 HPs)
             Began as an Ogre Wizard on Jan 26, 2017.
             Slain by Chrigeo's ghost (6 damage)
             ... on level 3 of the Dungeon on Jan 28, 2017.
             The game lasted 00:11:44 (2840 turns).

wazuzu the Ogre Mage (Ogre Wizard)                  Turns: 2840, Time: 00:11:44

Health: -5/45      AC:  3    Str: 11    XL:     5   Next: 14%
Magic:  1/12       EV: 10    Int: 20    God:
Gold:   128        SH:  0    Dex:  7    Spells: 12/13 levels left

rFire    . . .     SeeInvis .   h - +0 trident
rCold    . . .     Gourm    .   a - +0 robe
rNeg     . . .     Faith    .   (no shield)
rPois    .         Spirit   .   b - +0 hat
rElec    .         Reflect  .   (no cloak)
rCorr    .         Harm     +   (gloves unavailable)
MR       .....                  (boots unavailable)
Stlth    +.........             m - amulet of harm
Regen    0.2/turn               (no ring)
                                (no ring)

@: no status effects
A: unfitting armour, tough skin 1
a: no special abilities


You were on level 3 of the Dungeon.
You were not hungry.

You visited 1 branch of the dungeon, and saw 3 of its levels.

You collected 128 gold pieces.

Inventory:

Hand Weapons
 h - a +0 trident (weapon)
Armour
 a - a +0 robe (worn)
 b - a +0 hat (worn)
Jewellery
 m - an amulet of harm (around neck)
Potions
 g - a potion of invisibility {unknown}
 i - 2 potions of curing
 j - a potion of ambrosia {unknown}
 k - a potion of heal wounds {unknown}
 l - a potion of haste {unknown}
 o - 2 potions of brilliance
Books
 c - a book of Minor Magic

   Spells                             Type                      Level
   a - Magic Dart                     Conjuration                  1
   b - Blink                          Translocation                2
   c - Call Imp                       Summoning                    2
   d - Repel Missiles                 Charms/Air                   2
   e - Slow                           Hexes                        2
   f - Conjure Flame                  Conjuration/Fire             3
   g - Mephitic Cloud                 Conjuration/Poison/Air       3
Comestibles
 d - 4 bread rations
 f - 2 chunks of flesh
 n - a meat ration


   Skills:
 - Level 1.7 Dodging
 - Level 1.4 Stealth
 + Level 4.7 Spellcasting
 * Level 3.4 Conjurations
   Level 0.8 Summonings
   Level 0.8 Translocations


You had 12 spell levels left.
You knew the following spells:

 Your Spells              Type           Power        Failure   Level  Hunger
a - Magic Dart            Conj           ###.         2%          1    None


Dungeon Overview and Level Annotations

Branches:
Dungeon (3/15)

Altars:

Annotations:
D:3 Chrigeo's ghost, amateur MiFi


Innate Abilities, Weirdness & Mutations

You are too large for most types of armour.
You have tough skin. (AC +1)


Message History

Chrigeo's ghost hits you!
* * * LOW HITPOINT WARNING * * *
Casting: Magic Dart
Confirm with . or Enter, or press ? or * to list all spells.
Aiming: Magic Dart
Press: ? - help, Shift-Dir - straight line, f/p - Chrigeo's ghost
Aim: Chrigeo's ghost (moderately damaged)
The magic dart hits Chrigeo's ghost.
Chrigeo's ghost is moderately damaged.
Chrigeo's ghost hits you!
* * * LOW HITPOINT WARNING * * *
Casting: Magic Dart
Confirm with . or Enter, or press ? or * to list all spells.
Aiming: Magic Dart
Press: ? - help, Shift-Dir - straight line, f/p - Chrigeo's ghost
Aim: Chrigeo's ghost (moderately damaged)
The magic dart hits Chrigeo's ghost.
Chrigeo's ghost is moderately damaged.
Chrigeo's ghost hits you.
You die...

###.).######...W..#
#..................
#.#...###########..
#....## #.. #..### #..
#..# ########.. #..#
#....รท.W..
.#####..#######.######.#
... .......@W.......#
#<# #.#
####...###############..
###.# #.##..#
#.)........ ..#.#
#.#...# #.########.
#.#.# #.#.#.# #.# #.
#.#.# #.....# #.# #.
#.#.######.###.## #.# #.
##.#...)....# #..# #.#
#. ##...#######)###..#
#.# #.


You could see Chrigeo's ghost.

Vanquished Creatures
  An orc wizard (D:3)
  Natasha (D:2)
  An adder (D:2)
  An ooze (D:1)
  2 dart slugs (D:1)
  2 leopard geckos
  3 orcs (D:3)
  5 giant cockroaches
  4 goblins
  2 hobgoblins
  7 jackals (D:2)
  10 kobolds
  A ball python (D:1)
  4 bats
  7 frilled lizards
  4 rats
55 creatures vanquished.

Notes
Turn   | Place    | Note
-------+----------+-------------------------------------------
     0 | D:1      | wazuzu the Ogre Wizard began the quest for the Orb.
     0 | D:1      | Reached XP level 1. HP: 16/16 MP: 5/5
    57 | D:1      | Reached skill level 1 in Conjurations
   208 | D:1      | Reached XP level 2. HP: 23/24 MP: 0/6
   470 | D:1      | Reached skill level 4 in Spellcasting
   607 | D:1      | Reached XP level 3. HP: 31/31 MP: 1/8
  1098 | D:1      | Upgraded the game from 0.20-a0-526-g753eaab to 0.20-a0-537-g052e6ba
  1957 | D:2      | Reached XP level 4. HP: 39/39 MP: 8/10
  1981 | D:2      | Noticed Natasha
  2036 | D:2      | Killed Natasha
  2276 | D:3      | Reached XP level 5. HP: 45/45 MP: 2/12
  2450 | D:3      | Noticed Chrigeo's ghost (amateur MiFi)
  2839 | D:3      | HP: 1/45 [Chrigeo's ghost (12)]
  2840 | D:3      | Slain by Chrigeo's ghost

Vault maps used:
D:1:      dpeg_arrival_radiant, hex_medium, minmay_misc_feat_roman
D:2:      first_bread, minmay_misc_feat_cross, uniq_natasha
D:3:      ashenzari_altar_1, uniq_jessica

Skill      XL: |  1  2  3  4 |
---------------+-------------+-----
Conjurations   | 1 2 3 |  3.4
Spellcasting   | 4 |  4.7
Dodging        | |  1.7
Stealth        | |  1.4
Summonings     | |  0.8
Translocations | |  0.8

Action                   |  1- 3 |  4- 6 || total
-------------------------+-------+-------++-------
Melee: Short sword       |    28 |       ||    28
       Spear             |    34 |    15 ||    49
       Unarmed           |       |     5 ||     5
       Trident           |       |     7 ||     7
 Cast: Magic Dart        |    58 |    60 ||   118
  Use: Scroll            |       |     4 ||     4
       Potion            |       |     1 ||     1
 Stab: Sleeping          |     2 |       ||     2
  Eat: Chunk             |     3 |     3 ||     6
Armor: Robe              |    13 |    22 ||    35
       Skin              |       |     2 ||     2
Dodge: Dodged            |    34 |    44 ||    78
